Map: Alcyone LE

Players

SantaClaus

  • Race: Terran Terran
  • League: Diamond
  • Spawn Location: 7:00

Wanderer - Winner!

  • Race: Zerg Zerg
  • League: Diamond
  • Spawn Location: 1:00

VOD

Have the link to the VOD?

Description

Time

  • Played on: Nov. 19, 2024, 1:03 a.m.
  • Length: 24:43
Show
View Real Time Build Order
Export as new Build Order

SantaClaus Terran 

Build Orders: Reaper Expand, Hellion Banshee 

Get SALT Encoding   

  12  0:00  SCV  
  13  0:12  SCV  
  14  0:17  Supply Depot  
  14  0:25  SCV  
  15  0:39  SCV  
  15  0:40  Barracks  
  16  0:47  Refinery  
  16  0:51  SCV  
  17  1:03  SCV  
  18  1:16  SCV  
  19  1:29  Orbital Command  
  19  1:30  Reaper  
  20  1:40  Command Center  
  20  1:48  Supply Depot  
  20  1:54  SCV  
  21  2:02  Marine  
  21  2:06  SCV  
  23  2:16  Factory  
  23  2:19  SCV  
  23  2:20  Refinery  
  24  2:29  Barracks Reactor  
  24  2:31  SCV  
  25  2:43  SCV  
  25  2:54  Orbital Command  
  25  2:55  SCV  
  26  3:02  Starport  
  26  3:07  SCV  
  26  3:11  Barracks Tech Lab  
  27  3:13  Hellion x2  
  27  3:19  SCV  
  32  3:20  SCV  
  33  3:27  Supply Depot  
  33  3:31  SCV  
  33  3:32  SCV  
  35  3:35  Hellion  
  35  3:36  Hellion  
  39  3:43  SCV  
  39  3:44  SCV  
  39  3:46  Banshee  
  39  3:48  Cloaking Field  
  44  3:51  Supply Depot  
  44  3:55  SCV  
  44  3:56  Barracks Tech Lab, SCV  
  46  4:04  Hellion  
  46  4:05  Hellion  
  46  4:07  SCV  
  46  4:08  SCV  
  52  4:14  Supply Depot  
  52  4:20  SCV x2  
  54  4:28  Hellion  
  54  4:29  Hellion, Banshee  
  61  4:32  SCV  
  61  4:36  SCV  
  63  4:44  SCV  
  64  4:51  SCV  
  62  4:56  SCV  
  43  5:07  SCV  
  43  5:08  Supply Depot, SCV  
  43  5:12  Command Center  
  45  5:15  Marine  
  45  5:16  Stimpack  
  45  5:19  SCV  
  45  5:20  SCV  
  48  5:22  Starport Reactor  
  48  5:24  Factory Reactor  
  48  5:30  Barracks x2  
  48  5:31  SCV  
  48  5:32  SCV  
  50  5:36  Supply Depot  
  50  5:38  Marine  
  51  5:43  SCV  
  51  5:44  SCV  
  50  5:56  SCV x2, Engineering Bay  
  52  5:58  Engineering Bay  
  52  6:00  Supply Depot  
  52  6:04  Marine  
  52  6:08  SCV x2  
  52  6:10  Barracks  
  55  6:12  Refinery, Siege Tank  
  55  6:13  Refinery, Barracks  
  55  6:18  Medivac x2  
  62  6:20  SCV  
  62  6:21  Marine x2, SCV  
  62  6:22  Marine  
  62  6:25  Supply Depot, Orbital Command  
  67  6:34  Terran Infantry Weapons Level 1  
  67  6:35  SCV x2  
  67  6:38  Marine, Terran Infantry Armor Level 1  
  67  6:39  Marine  
  71  6:44  Siege Tank  
  71  6:45  Marine  
  71  6:46  Marine x2  
  77  6:47  SCV x2  
  77  6:48  Supply Depot  
  79  6:56  Marine x2  
  79  6:59  SCV x2  
  83  7:01  Barracks Reactor  
  83  7:02  Barracks Reactor  
  83  7:03  Marine x2  
  83  7:04  Marine  
  83  7:06  Combat Shield  
  86  7:11  SCV x2  
  86  7:14  Marine x2, Orbital Command  
  90  7:17  Siege Tank  
  93  7:23  SCV  
  93  7:24  SCV  
  93  7:26  Marine x3  
  93  7:27  Refinery  
  98  7:32  Marine x2  
  100  7:41  SCV  
  100  7:42  SCV  
  100  7:44  Marine x3  
  102  7:46  SCV  
  102  7:49  Siege Tank  
  102  7:51  Command Center  
  109  7:53  SCV  
  109  7:55  Factory  
  110  7:58  Supply Depot  
  110  7:59  Armory  
  110  8:02  Supply Depot  
  110  8:05  Marine x5  
  111  8:06  Marine  
  111  8:07  Marine  
  117  8:17  Medivac x2  
  117  8:18  Marine x2  
  123  8:23  Marine x5  
  123  8:24  Marine  
  123  8:26  Siege Tank  
  132  8:31  Supply Depot  
  132  8:33  Supply Depot  
  132  8:34  Supply Depot  
  132  8:37  Marine  
  132  8:38  Marine x2, Supply Depot  
  132  8:39  Factory Reactor  
  132  8:40  Marine  
  132  8:41  Marine x4  
  136  8:42  Marine  
  141  8:49  Terran Infantry Armor Level 2, Terran Infantry Weapons Level 2  
  141  8:50  Terran Vehicle And Ship Armor Level 1  
  141  8:55  Marine  
  142  9:01  Marine x2  
  142  9:02  Marine x4  
  146  9:03  Marine  
  146  9:04  Widow Mine  
  149  9:10  Command Center  
  149  9:13  Marine, Marauder  
  152  9:19  Marine  
  152  9:21  Marine  
  152  9:22  Marine  
  152  9:23  Widow Mine x2  
  159  9:25  Marine, Siege Tank  
  163  9:34  Marauder  
  154  9:43  Refinery  
  154  9:44  Widow Mine x2  
  157  9:53  Command Center  
  157  9:54  Planetary Fortress  
  157  9:55  Command Center  
  157  9:57  Widow Mine  
  159  10:12  Refinery  
  159  10:13  Refinery  
  159  10:16  Widow Mine x2  
  159  10:17  Marine x2, Marauder  
  159  10:18  Marine x4, Siege Tank  
  159  10:19  Marine x2  
  159  10:20  Liberator x2  
  182  10:24  Planetary Fortress  
  182  10:35  Marine  
  182  10:39  Marine x6  
  182  10:40  Marine  
  182  10:41  Marauder, Widow Mine  
  182  10:42  Widow Mine  
  196  10:47  Barracks, Ghost Academy  
  196  10:48  Barracks  
  196  10:49  Barracks  
  196  10:50  Terran Vehicle And Ship Armor Level 2  
  196  10:53  Siege Tank  
  199  11:02  Armory  
  199  11:06  Terran Infantry Weapons Level 3, Terran Infantry Armor Level 3  
  199  11:08  Planetary Fortress  
  199  11:12  Missile Turret  
  199  11:15  Missile Turret  
  199  11:16  Missile Turret  
  199  11:27  Missile Turret  
  199  11:29  Missile Turret  
  199  11:30  Missile Turret  
  196  12:01  Command Center x2  
  196  12:02  Missile Turret, Refinery  
  196  12:04  Missile Turret  
  196  12:05  Missile Turret  
  178  12:21  Widow Mine, Barracks Tech Lab x3, Siege Tank  
  172  12:23  Marauder  
  172  12:25  Widow Mine  
  172  12:26  Liberator  
  179  12:32  Liberator  
  182  12:42  Ghost x2  
  186  12:44  Marauder  
  186  12:48  Ghost  
  190  12:53  Widow Mine x2, Siege Tank  
  197  12:58  Terran Ship Weapons Level 1  
  197  13:05  Ghost  
  185  13:23  Liberator x2  
  185  13:25  Siege Tank  
  190  13:29  Concussive Shells  
  190  13:30  Marauder  
  190  13:31  Marauder x2  
  196  13:34  Marauder  
  177  13:46  Planetary Fortress  
  177  13:51  Ghost x3  
  177  13:55  Ghost  
  183  14:01  Command Center  
  185  14:02  Command Center  
  185  14:06  Liberator x2  
  191  14:19  Ghost  
  193  14:24  Terran Vehicle And Ship Armor Level 3  
  193  14:25  Hi-Sec Auto Tracking, Neosteel Armor  
  150  15:07  Ghost x3  
  150  15:08  Marauder  
  150  15:10  Medivac x2  
  150  15:13  Terran Ship Weapons Level 2  
  162  15:16  SCV x4  
  162  15:18  Refinery  
  162  15:19  Planetary Fortress  
  162  15:20  Planetary Fortress  
  166  15:30  Marauder  
  166  15:32  Planetary Fortress  
  166  15:33  Planetary Fortress  
  166  15:34  Command Center  
  168  15:36  Marauder x2  
  172  15:51  Siege Tank  
  172  15:57  Missile Turret  
  172  16:01  SCV  
  171  16:05  Missile Turret  
  171  16:15  Ghost  
  171  16:16  Ghost x3  
  171  16:18  Missile Turret  
  177  16:25  Missile Turret  
  177  16:44  Ghost  
  179  16:47  Missile Turret  
  179  16:49  Missile Turret  
  167  17:07  Missile Turret  
  167  17:10  Missile Turret  
  167  17:11  Missile Turret, Widow Mine x3  
  167  17:12  Missile Turret x2  
  173  17:31  Orbital Command  
  173  17:32  Siege Tank  
  153  17:59  Ghost x2  
  153  18:00  Ghost  
  153  18:02  Medivac x2  
  153  18:04  Siege Tank  
  166  18:09  Refinery  
  166  18:14  Widow Mine x2  
  166  18:18  Command Center  
  170  18:31  Ghost x4  
  170  18:32  Marine x2  
  170  18:33  Marine x5  
  170  18:34  Marine  
  186  18:35  Widow Mine  
  186  18:36  Siege Tank  
  191  18:45  Command Center  
  191  18:52  Refinery, Orbital Command  
  191  18:53  Refinery  
  191  18:54  Missile Turret  
  191  18:55  Missile Turret  
  191  18:58  Missile Turret  
  191  18:59  Ghost  
  193  19:08  Siege Tank  
  142  19:34  Widow Mine x2  
  142  19:35  Ghost x4  
  142  19:36  Marine  
  142  19:37  Marine x7  
  162  19:41  Siege Tank  
  162  19:42  SCV  
  162  19:43  SCV x2  
  168  19:54  Marine  
  168  19:55  Marine x7  
  162  20:03  Ghost  
  162  20:04  Marine x2  
  156  20:11  Liberator x2  
  162  20:29  Command Center  
  162  20:32  SCV  
  163  20:45  SCV x4  
  167  20:55  SCV x3  
  170  21:11  SCV x2  
  170  21:12  SCV x3  
  120  21:53  Ghost x3  
  120  21:54  Ghost  
  117  22:50  Widow Mine x3  
  102  23:17  Marine  
  102  23:18  Marine x5  
  110  23:20  SCV  
  110  23:21  SCV x6  
  110  23:26  Factory Reactor  
  117  23:32  SCV  
  117  23:33  SCV x4  
  121  23:35  Marine x2  
  121  23:36  Marine x3  
  121  23:41  Barracks  
  121  23:42  Barracks  
  121  23:43  Barracks x2  
  121  23:44  Barracks  
  121  23:45  Barracks  
  115  23:49  Barracks  
  115  23:50  SCV x7  
  115  23:53  Marine x5, Refinery x2  
  115  23:54  Barracks  
  125  23:57  Factory  
  125  23:59  Factory  
  125  24:00  Starport  
  125  24:02  Command Center  
  125  24:03  Command Center  
  125  24:07  Widow Mine x2  
Show
View Real Time Build Order
Export as new Build Order

Wanderer Zerg - Winner!

Build Orders: Hatch First 

Get SALT Encoding   

  12  0:00  Drone  
  13  0:12  Overlord  
  13  0:16  Drone  
  14  0:31  Drone x2  
  16  0:49  Hatchery  
  15  0:54  Drone  
  16  0:57  Drone  
  17  1:08  Drone  
  18  1:11  Extractor  
  17  1:21  Spawning Pool  
  17  1:22  Drone  
  17  1:23  Drone  
  18  1:29  Drone  
  19  1:40  Drone  
  20  1:50  Drone  
  21  2:08  Queen x2  
  21  2:09  Zergling x4  
  27  2:27  Overlord  
  27  2:29  Hatchery  
  26  2:38  Spine Crawler  
  26  2:40  Metabolic Boost  
  25  2:45  Spine Crawler  
  24  2:55  Queen  
  28  3:00  Drone x6  
  34  3:12  Overlord  
  34  3:19  Drone  
  35  3:27  Overlord  
  35  3:30  Queen  
  37  3:37  Drone x7  
  44  3:45  Queen  
  44  3:48  Overlord  
  46  4:02  Zergling x14  
  53  4:03  Zergling x2  
  53  4:09  Overlord  
  54  4:11  Drone x3  
  56  4:33  Drone x6  
  56  4:35  Roach Warren  
  56  4:36  Zergling x8  
  63  4:41  Zergling x6  
  63  4:45  Drone  
  57  4:53  Zergling x6  
  57  4:57  Drone  
  57  4:58  Drone  
  54  5:08  Spore Crawler  
  54  5:12  Spore Crawler  
  52  5:14  Drone  
  52  5:15  Drone x5  
  52  5:20  Drone  
  52  5:21  Drone  
  60  5:27  Lair  
  60  5:29  Overlord  
  60  5:31  Drone  
  61  5:48  Drone x7  
  68  5:59  Overlord x2  
  68  6:01  Extractor  
  68  6:02  Baneling Nest  
  66  6:09  Roach x2  
  66  6:10  Roach x3  
  76  6:13  Drone  
  76  6:14  Drone x4  
  76  6:17  Extractor x2  
  79  6:23  Overlord x2  
  79  6:27  Hatchery  
  78  6:34  Evolution Chamber  
  78  6:35  Evolution Chamber, Drone  
  78  6:36  Drone x5  
  82  6:47  Overseer  
  82  6:52  Overlord  
  82  6:56  Pneumatized Carapace  
  82  6:57  Hatchery  
  82  6:58  Drone  
  82  7:00  Baneling x9  
  82  7:12  Drone x5  
  82  7:13  Drone x5  
  92  7:22  Spore Crawler  
  92  7:24  Centrifugal Hooks  
  92  7:26  Zergling x14  
  92  7:27  Zergling x2  
  99  7:38  Overlord x3  
  99  7:46  Spore Crawler  
  99  7:48  Spore Crawler  
  99  7:50  Zergling x12  
  103  7:53  Zerg Melee Weapons Level 1  
  103  8:02  Zerg Ground Armor Level 1  
  103  8:10  Baneling  
  103  8:11  Drone  
  103  8:12  Drone x11  
  115  8:15  Extractor  
  115  8:16  Extractor  
  113  8:21  Overseer  
  113  8:32  Spore Crawler  
  112  8:35  Spore Crawler  
  109  8:50  Overlord x2  
  109  8:51  Overlord  
  109  8:54  Zergling x20  
  109  8:55  Zergling x18  
  128  8:59  Infestation Pit  
  128  9:00  Spire  
  126  9:07  Overlord x2  
  126  9:08  Overlord x2  
  126  9:14  Baneling x2  
  126  9:15  Baneling x10, Hatchery  
  125  9:18  Drone  
  125  9:19  Drone x6  
  132  9:32  Spore Crawler  
  132  9:33  Overseer  
  128  9:43  Drone x11  
  128  9:44  Drone x4  
  143  9:51  Zerg Melee Weapons Level 2  
  143  9:54  Hive  
  143  9:56  Drone x5  
  143  9:57  Drone x2  
  150  10:06  Overlord x2  
  150  10:07  Zerg Ground Armor Level 2  
  150  10:15  Zergling x18  
  159  10:27  Corruptor x3  
  165  10:30  Corruptor  
  167  10:38  Overseer x2  
  167  10:40  Drone  
  168  10:43  Extractor x2  
  168  10:49  Zergling x10  
  174  10:50  Zergling x22  
  181  11:12  Adrenal Glands  
  181  11:15  Ultralisk Cavern  
  180  11:20  Hatchery  
  179  11:35  Infestor x3  
  185  11:56  Hatchery  
  158  12:21  Ultralisk x5  
  186  12:28  Zerg Melee Weapons Level 3  
  185  12:37  Zerg Ground Armor Level 3  
  185  12:56  Ultralisk  
  185  12:57  Ultralisk  
  185  12:58  Zergling x2  
  198  13:05  Extractor  
  198  13:06  Extractor  
  186  13:27  Zergling x2  
  165  13:42  Zergling x18  
  165  13:43  Zergling x30  
  165  13:45  Ultralisk x2  
  165  13:48  Chitinous Plating  
  199  14:03  Baneling x7  
  199  14:04  Baneling  
  199  14:05  Baneling x21  
  165  14:48  Zergling x36  
  165  14:49  Zergling x10  
  179  14:58  Zergling x2  
  179  14:59  Zergling x44  
  198  15:07  Zergling x2, Anabolic Synthesis  
  190  15:08  Baneling  
  190  15:09  Baneling x20  
  191  15:22  Ultralisk  
  191  15:24  Infestor  
  199  15:36  Zergling x2  
  200  15:43  Zerg Flyer Armor Level 1  
  182  16:06  Infestor  
  182  16:08  Zergling x16  
  182  16:20  Overlord x2  
  182  16:21  Overlord  
  182  16:25  Ultralisk  
  188  16:26  Baneling x6  
  188  16:27  Baneling x3  
  188  16:36  Zergling x8  
  173  16:53  Corruptor x2  
  173  16:54  Corruptor x3  
  151  16:56  Zergling x10  
  151  16:57  Zergling x46  
  181  17:14  Ultralisk  
  181  17:15  Ultralisk x2  
  199  17:18  Overlord  
  169  17:48  Zergling x26  
  169  17:49  Zergling x30  
  140  18:00  Ultralisk  
  140  18:01  Ultralisk x7  
  188  18:09  Baneling x5  
  188  18:10  Baneling x15  
  188  18:24  Zergling x24  
  200  18:36  Hatchery  
  199  18:43  Zerg Missile Weapons Level 1  
  199  18:44  Zerg Flyer Armor Level 2  
  147  19:22  Zergling x36  
  147  19:23  Zergling x34  
  144  19:31  Zergling x2  
  144  19:32  Zergling x4  
  144  19:36  Ultralisk  
  144  19:37  Ultralisk x7  
  195  19:51  Baneling x8  
  163  20:01  Zergling x2  
  163  20:02  Zergling x12  
  168  20:18  Nydus Network  
  167  20:22  Baneling x13  
  167  20:50  Zergling x20  
  167  20:51  Zergling x40  
  168  21:37  Zergling x26  
  165  21:47  Corruptor x8  
  165  21:51  Zergling x36  
  181  21:59  Baneling x8  
  181  22:06  Zergling x2  
  181  22:07  Zergling x22  
  192  22:13  Zergling x12  
  198  22:21  Zergling x4  
  189  22:23  Ultralisk  
  188  22:37  Zergling x32  
  184  22:49  Zergling x12  
  169  23:00  Ultralisk x6  
  154  23:13  Ultralisk  
  154  23:14  Ultralisk  
  154  23:15  Ultralisk x5  
  196  23:26  Zergling x4  
  196  23:44  Zergling x2  
  196  23:46  Baneling x14  
  187  23:57  Zergling x2  
  187  23:58  Zergling x20  
  198  24:06  Extractor x2  
  198  24:08  Unknown  
  195  24:10  Zergling x2  
  196  24:24  Zergling x20  
Tags
 
Add a new tag
Caveats
  • Supply blocks, unpowered buildings, or Contaminate may cause inaccurate times.
  • Supply counts are checked every 10 seconds.